 Dungeon Crawl Stone Soup version 0.26-a0-257-g47e9e61525 (webtiles) character file.

Game seed: 18285663570120381833

4012 Infinimo the Magician (level 10, -2/74 HPs)
             Began as a Mummy Earth Elementalist on July 10, 2020.
             Slain by an orc warrior
             ... wielding a +2 trident of protection
              (17 damage)
             ... on level 8 of the Dungeon.
             The game lasted 00:16:15 (12939 turns).

Infinimo the Magician (Mummy Earth Elementalist)   Turns: 12939, Time: 00:16:16

Health: -2/74      AC:  8    Str: 11    XL:     10   Next: 3%
Magic:  5/21       EV: 12    Int: 18    God:
Gold:   354        SH:  0    Dex: 13    Spells: 11/24 levels left

rFire    x . .     SeeInvis .   r - staff of wizardry
rCold    + . .     Faith    .   (no shield)
rNeg     + + +     Spirit   .   c - +1 robe
rPois    ∞         Reflect  .   (no helmet)
rElec    .         Harm     .   (no cloak)
rCorr    .                      (no gloves)
MR       +....                  p - +0 pair of boots
Stlth    ++........             k - amulet of the acrobat
HPRegen  0.22/turn              l - ring of flight
MPRegen  0.17/turn              h - +4 ring of protection

@: no status effects
A: no food or potions, fire vulnerability, cold resistance 1, negative energy
resistance 3, torment resistance, unbreathing
a: Evoke Flight


You were on level 8 of the Dungeon.
You were not hungry.

You visited 1 branch of the dungeon, and saw 8 of its levels.
You also visited: Ossuary.

You collected 558 gold pieces.
You spent 204 gold pieces at shops.

Inventory:

Hand Weapons
 f - a +1 dagger
Armour
 c - a +1 robe (worn)
 p - a +0 pair of boots (worn)
Magical Staves
 r - an uncursed staff of wizardry (weapon)
Jewellery
 h - a +4 ring of protection (right hand)
 k - an amulet of the acrobat (around neck)
 l - a ring of flight (left hand)
Wands
 n - a wand of digging (12)
Scrolls
 a - 13 scrolls of remove curse
 d - a scroll of fear
 e - 4 scrolls of identify
 g - 3 scrolls of immolation
 i - 5 scrolls of teleportation
 j - 2 scrolls of enchant weapon
 m - 2 scrolls of amnesia
 o - 2 scrolls of fog
 q - a scroll of enchant armour


   Skills:
 + Level 5.5 Fighting
 - Level 1.9 Dodging
 - Level 2.1 Stealth
 + Level 7.6 Spellcasting
 * Level 6.7 Conjurations
 - Level 0.7 Transmutations
 * Level 7.5 Earth Magic


You had 11 spell levels left.
You knew the following spells:

 Your Spells              Type           Power        Failure   Level
a - Sandblast             Erth           ####..       1%          1
b - Stone Arrow           Conj/Erth      ####..       1%          3
c - Petrify               Tmut/Erth      ###.....     8%          4
d - Lee's Rapid Deconstr  Erth           ####......   5%          5

Your spell library contained the following spells:

 Spells                   Type           Power        Failure   Level
 Magic Dart               Conj           ####         1%          1
 Passwall                 Tmut/Erth      ###.....     1%          2
 Searing Ray              Conj           ####..       1%          2
 Dazzling Flash           Conj/Hex       ###...       3%          3
 Fulminant Prism          Conj/Hex       ###.......   11%         4
 Iskenderun's Mystic Bla  Conj/Tloc      ###.....     11%         4
 Confusing Touch          Hex            #.......     12%         3
 Gell's Gravitas          Tloc           #.........   12%         3
 Yara's Violent Unravell  Hex/Tmut       #.........   65%         5
 Metabolic Englaciation   Hex/Ice        #.........   71%         5


Dungeon Overview and Level Annotations

Branches:
Dungeon (8/15)             Temple (0/1) D:5         Ossuary (visited)
   Lair: D:8-11

Altars:
Ashenzari
Dithmenos
Elyvilon
Kikubaaqudgha
Nemelex Xobeh
Ru
Trog
Uskayaw
Xom
Yredelemnul
The Shining One

Shops:
D:5 *[


Innate Abilities, Weirdness & Mutations

You do not eat or drink.
Your flesh is vulnerable to fire.
You are immune to poison.
Your flesh is cold resistant. (rC+)
You are immune to negative energy. (rN+++)
You are immune to unholy pain and torment.
You can survive without breathing.


Message History

Beogh smites you! The killer bee stings you.
The orc priest miscasts a cantrip.
The orc priest calls down the wrath of Beogh upon you.
Beogh smites you! The killer bee stings you.
There is a stone staircase leading up here.
The orc priest invokes the aid of Beogh against you.
Beogh smites you!
* * * LOW HITPOINT WARNING * * *
The killer bee stings you.
* * * LOW HITPOINT WARNING * * *
Okay, then.
Unknown command.
Unknown command.
Unknown command.
Unknown command.
The killer bee stings you.
* * * LOW HITPOINT WARNING * * *
The orc warrior hits you from afar with a +2 trident of protection!
You die...

##.........# #..P....#.# #.##.#.
##...>..P..# '.....#.#.###.##.#.
##.........####P.P..........##.#.
##....PPP...P.P.PP......######.#.
##........P....P...#....# #.#.
#######...P.PP..........######.#.
.....†.†...P.P....##.............
..#.....##........##....########.
..#.....##......@.......#........
..#.....##......yy......#.###.#..
..#.....##......oo..#...o...#o...
..##.........##.#.#.###.#.#.#o#..
..##......##....#o#..##.#.#.#.#..
..##......##....#.##.##.#.#.#.#.#
..##......##....+.o...oo......#.#
................#'###.#.#.....#.#
...................##.#.#.#.###


You could see an orc warrior, 2 killer bees, 2 orc priests and an orc.

Vanquished Creatures
  The ghost of ohados the Magician, an amateur OpWz (D:3)
  A water moccasin (D:8)
  2 porcupines (D:8)
  An ice beast (D:8)
  A sky beast (D:5)
  A black bear (D:8)
  A phantom (D:7)
  4 ogres
  2 centaurs
  6 big kobolds (D:5)
  3 bullfrogs
  5 scorpions
  14 killer bees (D:8)
  A howler monkey (D:4)
  3 hounds
  2 centaur skeletons
  5 orc priests
  2 bullfrog skeletons
  4 orc wizards
  An iguana (D:6)
  Natasha (thrice) (D:2)
  2 worker ants
  A hound zombie (D:6)
  12 mummies (Ossuary)
  Robin (D:2)
  13 gnolls
  13 adders
  2 ufetubi
  2 oozes
  An adder skeleton (D:4)
  A worm (D:4)
  5 dart slugs
  4 leopard geckos
  21 orcs
  4 giant cockroaches
  12 hobgoblins
  9 jackals
  3 quokkas
  10 bats
  6 frilled lizards
  3 gnoll skeletons (Ossuary)
  14 goblins
  4 goblin skeletons (Ossuary)
  47 kobolds
  A kobold skeleton (Ossuary)
  2 leopard gecko skeletons
  A quokka zombie (D:7)
  8 rats
  11 rat skeletons (Ossuary)
276 creatures vanquished.

Vanquished Creatures (others)
  A human (D:4)
  3 fungi (D:8)
4 creatures vanquished.

Grand Total: 280 creatures vanquished

Notes
Turn   | Place    | Note
-------+----------+-------------------------------------------
     0 | D:1      | Infinimo the Mummy Earth Elementalist began the quest for
                  | the Orb.
     0 | D:1      | Reached XP level 1. HP: 13/13 MP: 4/4
   341 | D:1      | Reached XP level 2. HP: 5/19 MP: 0/5
  1905 | D:1      | Reached XP level 3. HP: 2/24 MP: 5/7
  1910 | D:1      | Learned a level 3 spell: Stone Arrow
  2317 | D:2      | Found a basalt altar of Yredelemnul.
  2319 | D:2      | Found a glowing golden altar of the Shining One.
  2320 | D:2      | Found a white marble altar of Elyvilon.
  2321 | D:2      | Found a shadowy altar of Dithmenos.
  2321 | D:2      | Found a sacrificial altar of Ru.
  2321 | D:2      | Found a shattered altar of Ashenzari.
  2598 | D:2      | Found a shimmering altar of Xom.
  2622 | D:2      | Reached XP level 4. HP: 23/31 MP: 5/9
  2636 | D:2      | Reached skill level 1 in Conjurations
  2789 | D:2      | Reached skill level 1 in Fighting
  2978 | D:2      | Noticed Robin
  2985 | D:2      | Killed Robin
  3515 | D:2      | Found a bloodstained altar of Trog.
  3609 | D:2      | Reached XP level 5. HP: 25/37 MP: 10/10
  3731 | D:2      | Found a faded altar of an unknown god.
  3986 | D:2      | Found a sparkling altar of Nemelex Xobeh.
  3993 | D:2      | Noticed Natasha
  3998 | D:2      | Killed Natasha
  4158 | D:2      | Noticed Natasha
  4165 | D:2      | Killed Natasha
  4225 | D:2      | Noticed Natasha
  4231 | D:2      | Killed Natasha
  4613 | D:3      | Reached XP level 6. HP: 38/43 MP: 7/12
  4989 | D:3      | Found a runed translucent door.
  4990 | D:3      | Noticed ohados's ghost (amateur OpWz)
  4998 | D:3      | Killed ohados's ghost
  5314 | D:4      | Reached XP level 7. HP: 31/50 MP: 9/13
  5459 | D:4      | Found an ancient bone altar of Kikubaaqudgha.
  5492 | D:4      | Noticed a human
  5494 | D:4      | Killed a human
  5896 | D:4      | Found a hide-covered altar of Uskayaw.
  5966 | D:4      | Reached skill level 5 in Spellcasting
  6072 | D:5      | Entered Level 5 of the Dungeon
  6072 | D:5      | Found Vebutheu's Assorted Antiques.
  6193 | D:5      | Bought a scroll labeled FIKA FOUMUE for 34 gold pieces
  6193 | D:5      | Bought a scroll labeled NUYLYP MAMAL for 34 gold pieces
  6193 | D:5      | Bought 3 scrolls labeled RIQOFR NANIRIP for 102 gold pieces
  6193 | D:5      | Bought a scroll labeled ZIRAEXEHULIC for 34 gold pieces
  6760 | D:5      | Reached skill level 5 in Earth Magic
  6764 | D:5      | Reached XP level 8. HP: 58/58 MP: 8/16
  7499 | D:5      | Found a staircase to the Ecumenical Temple.
  7908 | D:5      | Found Kex Orefuw's Armour Shop.
  8900 | D:6      | Reached skill level 5 in Conjurations
  9180 | D:6      | Found a sand-covered staircase.
  9326 | Ossuary  | Entered an ossuary
  9724 | Ossuary  | Reached XP level 9. HP: 65/65 MP: 15/18
 10831 | D:7      | Learned a level 5 spell: Lee's Rapid Deconstruction
 10836 | D:7      | Learned a level 4 spell: Petrify
 10844 | D:7      | Learned a level 4 spell: Petrify
 10850 | D:7      | Learned a level 5 spell: Lee's Rapid Deconstruction
 11761 | D:8      | Reached skill level 5 in Fighting
 12745 | D:8      | Reached XP level 10. HP: 61/74 MP: 8/21
 12939 | D:8      | Slain by an orc warrior

Illustrated notes

Levels and vault maps discovered:
D:1:      lightli_molten_gateway, layout_basic
D:2:      layout_basic, nemelex_xobeh_ov_fountains_minmay,
          grunt_temple_overflow_open, lemuel_round_altar,
          nicolae_overflow_crystal_walls, chequers_ecumenical_altar_grove,
          first_ration, uniq_natasha, uniq_robin
D:3:      layout_rooms, ebering_ghost_reflecting_pool
D:4:      cheibrodos_helix_gallery, layout_basic, kennysheep_mini,
          tgw_kikubaaqudgha
D:5:      minmay_goblin_kobold_castle, layout_rooms,
          minmay_temple_entry_proselytizer, serial_shops,
          nicolae_shop_overgrown_old_shop, nicolae_shop_behind_doors,
          grunt_ministairs_3
D:6:      layout_cave_pools, nicolae_ossuary_entry_false_entrances,
          minmay_fountain_box
D:7:      layout_layer_cave
D:8:      layout_basic, grunt_lair_entry_orc_guard_hut

Skill      XL: |  1  2  3  4  5  6  7  8  9 |
---------------+----------------------------+-----
Spellcasting   | 3 4 5 6 7 |  7.6
Stealth        | 2 |  2.1
Earth Magic    | 3 4 5 6 7 |  7.5
Conjurations   | 1 2 4 5 6 |  6.7
Fighting       | 1 2 3 4 5 |  5.5
Dodging        | |  1.9
Transmutations | |  0.7

Action                   |  1- 3 |  4- 6 |  7- 9 | 10-12 || total
-------------------------+-------+-------+-------+-------++-------
Melee: Unarmed           |    60 |       |       |       ||    60
       Dagger            |    58 |    69 |    13 |       ||   140
       Staff             |       |       |     9 |       ||     9
 Cast: Sandblast         |    37 |   100 |   402 |       ||   539
       Stone Arrow       |       |       |    19 |    11 ||    30
  Use: Scroll            |       |       |    18 |       ||    18
 Stab: Sleeping          |     3 |     4 |       |       ||     7
Armor: Robe              |    29 |    17 |   102 |    10 ||   158
Dodge: Dodged            |   112 |    64 |   205 |    72 ||   453

Table legend:
 A = Non-vault XP
 B = Vault XP
 C = Vault XP percentage of total XP
 D = Non-vault monster count
 E = Vault monster count
 F = Vault count percentage of total count
                 A         B        C        D         E       F
            +---------+---------+-------+---------+---------+-------
      Total |    3996 |    1736 |  30.3 |     174 |     101 |  36.7
            +---------+---------+-------+---------+---------+-------
        D:1 |      42 |       0 |   0.0 |      26 |       0 |   0.0
        D:2 |     229 |      70 |  23.4 |      28 |      13 |  31.7
        D:3 |      59 |     162 |  73.3 |      21 |       1 |   4.5
        D:4 |     346 |     121 |  25.9 |      12 |       2 |  14.3
        D:5 |     475 |     726 |  60.4 |      23 |      51 |  68.9
        D:6 |     459 |       0 |   0.0 |      14 |       0 |   0.0
        D:7 |     505 |       0 |   0.0 |      18 |       0 |   0.0
        D:8 |    1881 |     425 |  18.4 |      32 |       4 |  11.1
    Ossuary |       0 |     232 | 100.0 |       0 |      30 | 100.0
            +---------+---------+-------+---------+---------+-------
